 Dungeon Crawl Stone Soup version 0.28.0-53-g5a82cb258f (webtiles) character file.

Game seed: 1791496904422913071

279 mortz the Conjurer (level 6, -2/32 HPs)
             Began as a Deep Elf Conjurer on June 18, 2022.
             Was an Initiate of Gozag.
             Slain by Pikel
             ... wielding a +0 whip of flaming
              (9 damage)
             ... on level 4 of the Dungeon.
             The game lasted 00:16:41 (3829 turns).

mortz the Conjurer (Deep Elf Conjurer)              Turns: 3829, Time: 00:16:42

Health: -2/32      AC:  4    Str:  4    XL:     6   Next: 5%
Magic:  7/16       EV: 12    Int: 25    God:    Gozag
Gold:   211        SH:  0    Dex: 13    Spells: 12/15 levels left

rFire   . . .      SeeInvis .   c - staff of conjuration {!a@e2staff}
rCold   . . .      Faith    .   (no shield)
rNeg    . . .      Spirit   .   a - +0 robe
rPois   .          Reflect  .   (no helmet)
rElec   .          Harm     .   r - +0 cloak
rCorr   .          Rampage  .   k - +0 pair of gloves
Will    .....                   (no boots)
Stlth   ++........              (no amulet)
HPRegen 0.10/turn               (no ring)
MPRegen 0.15/turn               (no ring)

@: no status effects
A: no striking features
a: Renounce Religion, Potion Petition, Call Merchant, Bribe Branch


You were on level 4 of the Dungeon.
You worshipped Gozag.
Gozag was aware of your devotion.
You visited 1 branch of the dungeon, and saw 4 of its levels.

You collected 258 gold pieces.
You paid 47 gold pieces to Gozag.


   Skills:
 - Level 2.4 Dodging
 - Level 2.4 Stealth
 + Level 5.4 Spellcasting
 + Level 6.0 Conjurations
 + Level 3.3 Translocations


You had 12 spell levels left.
You knew the following spells:

 Your Spells              Type           Power      Damage    Failure   Level
a - Magic Dart            Conj           100%       1d8       1%          1
b - Searing Ray           Conj           100%       2d8       1%          2

Your spell library contained the following spells:

 Spells                   Type           Power      Damage    Failure   Level
 Gell's Gravitas          Tloc           23%        N/A       6%          3
 Lesser Beckoning         Tloc           23%        N/A       6%          3
 Teleport Other           Tloc           23%        N/A       6%          3
 Dazzling Flash           Conj/Hex       64%        N/A       7%          3
 Iskenderun's Mystic Bla  Conj/Tloc      45%        2d10      12%         4
 Fulminant Prism          Conj/Hex       16%        3d11      22%         4

Inventory:

Hand Weapons
 b - a +0 dagger {short}
   (You took it off a kobold on level 1 of the Dungeon)
 d - a +0 hand axe {axe}
   (You found it on level 1 of the Dungeon)
 e - a +1 dagger of draining {short}
   (You took it off a goblin on level 2 of the Dungeon)
 h - a +3 flail {mace}
   (You took it off a gnoll on level 2 of the Dungeon)
 i - a +0 halberd {polearm}
   (You took it off a gnoll on level 2 of the Dungeon)
 l - a +1 dagger of pain {short}
   (You took it off a goblin on level 3 of the Dungeon)
 n - a +6 club {mace}
   (You took it off Jessica on level 3 of the Dungeon)
 q - a +2 war axe of electrocution {axe}
   (You found it on level 3 of the Dungeon)
 t - the +4 mace "Nanem" {chaos, rElec rC- rN+ Int+4, mace}
   (You found it on level 3 of the Dungeon)

   Each time it hits an enemy it has a different, random effect.
   Int:       It affects your intelligence (+4).
   rC:        It makes you vulnerable to cold.
   rElec:     It insulates you from electricity.
   rN:        It protects you from negative energy.
Armour
 a - a +0 robe (worn)
 k - a +0 pair of gloves (worn)
   (You found it on level 2 of the Dungeon)
 r - a +0 cloak (worn)
   (You took it off Crazy Yiuf on level 3 of the Dungeon)
Magical Staves
 c - a staff of conjuration (weapon) {!a@e2staff}
   (You found it on level 2 of the Dungeon)
Scrolls
 g - 4 scrolls of identify {unknown}
 j - a scroll of vulnerability {unknown}
 u - a scroll of noise {unknown}
Potions
 f - a potion of brilliance {unknown}
 m - 2 potions of heal wounds {unknown}
 o - a potion of lignification {unknown}
 p - a potion of berserk rage {unknown}
 s - 2 potions of magic {unknown}
 v - 2 potions of flight {unknown}

Dungeon Overview and Level Annotations

Branches:
Dungeon (4/15)             Temple (0/1) D:4

Altars:
Gozag
Zin

Annotations:
D:4 Pikel

#5# #.# #.# #.# #.#
###.### ... .#
###'###
#.###.####⌠.⌠######
#.#.#... +.>.55K@[#
#.....# ##⌠.⌠####.#
......# ####### #.#
......# ###.### #.#
......# #.# #.#
#.....# #.# #.###
#.#...#####.###
#...#
..............#
###.#
......#######.# #.#


You could see Pikel and 2 lemures.


Message History

You kill the ball python! 😎 MP[-1]
You lost 1 mp, and now have 15/16 mp.
You now have 205 gold pieces (gained 6).
u - a scroll labelled NOEVAEQ CAME 😎 MP[+1]
Your mp is fully restored (16).
You now have 211 gold pieces (gained 6).
v - 2 bubbling amethyst potions You see here a +0 robe.
You open the door.
Found a staircase to the Ecumenical Temple.
Casting: Magic Dart (safe; 1% risk of failure)
Confirm with . or Enter, or press ? or * to list all spells.
You can't see any susceptible monsters within range! (Use Z to cast anyway.) Unknown command.
A lemure comes into view.
The lemure shouts!
There is an open door here.
Pikel, Merchant of Souls comes into view.
He is wielding a +0 whip of flaming.
Pikel shouts!
A lemure comes into view.
The lemure hits you!
There is a staircase to the Ecumenical Temple, spattered with blood here. 😮 HP[-8]
You take 8 damage, and now have 24/32 hp.
MASSIVE DAMAGE!! (PAUSE)
The lemure closely misses you. The lemure misses you.
Pikel says, "I touched Geryon's horn once."
There is an open door here. 😕 HP[+1]
Casting: Magic Dart (safe; 1% risk of failure)
Confirm with . or Enter, or press ? or * to list all spells.
Aiming: Searing Ray (safe; 1% risk of failure)
Press: ? - help, Shift-Dir - straight line, f - Pikel
Aim: Pikel, wielding a +0 whip of flaming and wearing a +0 robe (79% to hit)
You feel a surge of power!
The searing ray hits the lemure.
The searing ray hits Pikel!
The searing ray hits the lemure! (Press . to maintain the ray.) 😕 MP[-2]
You lost 2 mp, and now have 14/16 mp.
The searing ray hits Pikel but does no damage.
The searing ray hits the lemure!
The searing ray misses the lemure.
The lemure shouts!
You hear a shout! 😕 MP[-1]
You lost 1 mp, and now have 13/16 mp.
The searing ray hits Pikel!
The searing ray hits the lemure! x2
A lemure comes into view.
Pikel misses you. 😕 MP[-1]
You lost 1 mp, and now have 12/16 mp.
The searing ray misses Pikel.
The searing ray hits the lemure!
You kill the lemure!
That felt strangely unrewarding.
The searing ray hits the lemure. x2
You finish channelling your searing ray.
Pikel hits you with a +0 whip of flaming.
Pikel burns you. 😮 HP[-7] MP[-1]
You take 7 damage, and now have 18/32 hp.
MASSIVE DAMAGE!! (PAUSE)
You lost 1 mp, and now have 11/16 mp.
Casting: Searing Ray (safe; 1% risk of failure)
Confirm with . or Enter, or press ? or * to list all spells.
Aiming: Searing Ray (safe; 1% risk of failure)
Press: ? - help, Shift-Dir - straight line, f/p - Pikel
Aim: Pikel, wielding a +0 whip of flaming and wearing a +0 robe (severely wounded, 79% to hit)
You feel a surge of power!
The searing ray hits Pikel.
The searing ray hits the lemure. x2 (Press . to maintain the ray.) Pikel hits you with a +0 whip of flaming.
* * * LOW HITPOINT WARNING * * *
Pikel burns you.
* * * LOW HITPOINT WARNING * * *
😨 HP[-5] MP[-2]
You take 5 damage, and now have 13/32 hp.
You lost 2 mp, and now have 9/16 mp.
The searing ray hits Pikel but does no damage.
The searing ray hits the lemure!
You kill the lemure!
That felt strangely unrewarding.
The searing ray hits the lemure.
The searing ray hits the lemure!
Pikel hits you with a +0 whip of flaming.
* * * LOW HITPOINT WARNING * * *
Pikel burns you.
* * * LOW HITPOINT WARNING * * *
😱 HP[-7] MP[-1]
You take 7 damage, and now have 6/32 hp.
MASSIVE DAMAGE!! (PAUSE)
You lost 1 mp, and now have 8/16 mp.
The searing ray hits Pikel but does no damage.
The searing ray misses the lemure.
The searing ray hits the lemure!
Pikel misses you. 😱 HP[+1]
The searing ray hits Pikel.
The searing ray hits the lemure.
The searing ray hits the lemure!
You finish channelling your searing ray.
Pikel hits you with a +0 whip of flaming!
You die...
Your body crumbles into a pile of gold.

Skill      XL: |  1  2  3  4  5 |
---------------+----------------+-----
Translocations | 1 2 3 |  3.3
Conjurations   | 5 6 |  6.0
Spellcasting   | 4 5 |  5.4
Dodging        | |  2.4
Stealth        | |  2.4

Action                   |  1- 3 |  4- 6 || total
-------------------------+-------+-------++-------
 Cast: Magic Dart        |    36 |    44 ||    80
       Searing Ray       |    11 |    25 ||    36
Armor: Robe              |       |     1 ||     1
Dodge: Dodged            |     2 |     9 ||    11

Levels and vault maps discovered:
D:1:      heliophobic_arrival_enchanted_forest, layout_loops_corners,
          shapermc_ecumenical_altar_gd
D:2:      layout_basic, lightli_corner_chamber
D:3:      layout_basic, lemuel_doored_altar, grunt_gozag_statues, uniq_jessica,
          uniq_crazy_yiuf_cottage
D:4:      layout_loops_ring, nicolae_hepliaklqana_monster_ancestors,
          lemuel_tele_altar, temple_doors_e, uniq_blork_the_orc, uniq_pikel

Notes
Turn   | Place    | Note
-------+----------+-------------------------------------------
     0 | D:1      | mortz the Deep Elf Conjurer began the quest for the Orb.
     0 | D:1      | Reached XP level 1. HP: 10/10 MP: 6/6
     0 | D:1      | magus.rc [v1.9.6]
   223 | D:1      | Reached XP level 2. HP: 15/15 MP: 6/8
   226 | D:1      | Learned a level 2 spell: Searing Ray
   254 | D:1      | You pick up a book of Displacement and begin reading...
   254 | D:1      | You add the spells Lesser Beckoning, Gell's Gravitas and
                  | Teleport Other to your library.
   666 | D:1      | Found a faded altar of an unknown god.
  1205 | D:2      | Reached skill level 1 in Translocations
  1207 | D:2      | Reached skill level 5 in Conjurations
  1207 | D:2      | Reached XP level 3. HP: 19/19 MP: 5/10
  1430 | D:2      | Reached skill level 4 in Spellcasting
  1433 | D:2      | Reached XP level 4. HP: 24/24 MP: 1/12
  1571 | D:2      | Reached skill level 2 in Translocations
  2117 | D:2      | Reached XP level 5. HP: 28/28 MP: 8/13
  2633 | D:3      | Found a glowing silver altar of Zin.
  2687 | D:3      | Found an opulent altar of Gozag.
  2696 | D:3      | Became a worshipper of Gozag Ym Sagoz the Greedy
  2914 | D:3      | Noticed Jessica
  2917 | D:3      | Killed Jessica
  2960 | D:3      | Reached skill level 5 in Spellcasting
  3182 | D:3      | Found a runed translucent door.
  3183 | D:3      | Noticed Crazy Yiuf
  3554 | D:3      | Killed Crazy Yiuf
  3555 | D:3      | Reached skill level 3 in Translocations
  3564 | D:3      | Identified the +4 mace "Nanem" {chaos, rElec rC- rN+ Int+4}
  3649 | D:4      | Reached skill level 6 in Conjurations
  3649 | D:4      | Reached XP level 6. HP: 29/32 MP: 2/16
  3813 | D:4      | Found a staircase to the Ecumenical Temple.
  3815 | D:4      | Noticed Pikel
  3827 | D:4      | HP: 8/32 [Pikel/+0 whip of flaming (5)]
  3829 | D:4      | Slain by Pikel

Vanquished Creatures
  2 lemures (D:4)
  An orc priest (D:2)
  Crazy Yiuf (D:3)
  Jessica (D:3)
  A bullfrog skeleton (D:4)
  An iguana (D:4)
  3 gnolls (D:2)
  3 adders
  3 worms (D:2)
  2 dart slugs (D:2)
  3 orcs (D:2)
  10 bats
  11 endoplasms
  4 goblins
  5 hobgoblins
  2 jackals (D:2)
  5 kobolds
  5 quokkas
  7 ball pythons
  5 frilled lizards
  7 rats
82 creatures vanquished.

Vanquished Creatures (others)
  3 demonic plants (D:1)
  3 fungi (D:1)
  2 plants (D:1)
  2 withered plants (D:1)
10 creatures vanquished.

Grand Total: 92 creatures vanquished

Table legend:
 A = Non-vault XP
 B = Vault XP
 C = Vault XP percentage of total XP
 D = Non-vault monster count
 E = Vault monster count
 F = Vault count percentage of total count
                 A         B        C        D         E       F
            +---------+---------+-------+---------+---------+-------
      Total |     322 |      77 |  19.3 |      78 |       2 |   2.5
            +---------+---------+-------+---------+---------+-------
        D:1 |      31 |       0 |   0.0 |      22 |       0 |   0.0
        D:2 |     175 |       0 |   0.0 |      34 |       0 |   0.0
        D:3 |      42 |      77 |  64.7 |      19 |       2 |   9.5
        D:4 |      74 |       0 |   0.0 |       3 |       0 |   0.0
            +---------+---------+-------+---------+---------+-------

Illustrated notes

Table legend:
 A = Kills in this place as a percentage of kills in entire the game.
 B = Kills by you in this place as a percentage of kills by you in the entire game.
 C = Kills by friends in this place as a percentage of kills by friends in the entire game.
 D = Other kills in this place as a percentage of other kills in the entire game.
 E = Experience gained in this place as a percentage of experience gained in the entire game.
 F = Experience gained in this place divided by the number of levels of this place that you have seen.
                   A       B       C       D       E      F
               +-------+-------+-------+-------+-------+----------------------
         Total | 100.0 | 100.0 |   N/A |   N/A | 100.0 |  99.8
       Dungeon | 100.0 | 100.0 |   N/A |   N/A | 100.0 |  99.8
               +-------+-------+-------+-------+-------+----------------------

Table legend: (Time is in decaauts)
 A = Elapsed time spent in this place.
 B = Non-inter-level travel time spent in this place.
 C = Inter-level travel time spent in this place.
 D = Time resting spent in this place.
 E = Time spent auto-exploring this place.
 F = Levels seen in this place.
 G = Mean time per level.
                   A        B        C        D        E       F      G
               +--------+--------+--------+--------+--------+-----+--------+
         Total |   3824 |   3733 |     91 |    233 |   3060 |   4 |  956.0 |
       Dungeon |   3824 |   3733 |     91 |    233 |   3060 |   4 |  956.0 |
               +--------+--------+--------+--------+--------+-----+--------+

Top non-repeatable levels by time:
     D:2: 1422 daAuts
     D:1: 1136 daAuts
     D:3: 1053 daAuts
     D:4: 212 daAuts
